Cogmind - Beta 16 @@@ ROGUE MODE // 2025.12.03 @ 22:38:45 Player: Zonalar Result: Destroyed by UN-T26(R) with Subdweller Laser Performance ------------- Evolutions (0) 0 Regions Visited (3) 600 Robots Destroyed (27) 135 Value Destroyed (539) 539 Prototype IDs (4) 80 Alien Tech Used (0) 0 Bonus (0) 0 TOTAL SCORE: 1354 Bonus ------- None Cogmind --------- Core Integrity 0/250 Matter 172/300 Energy 100/100 System Corruption 0% Temperature Cool (6) Movement Walking (190) Ox1 Location -10/Subcaves Parts ------- > --- POWER (1) -------- (None) > --- PROPULSION (2) --- Aluminum Leg Aluminum Leg > --- UTILITY (2) ------ Large Storage Unit Sensor Array > --- WEAPON (2) ------- Maul > --- INVENTORY (15) --- Ion Engine Medium Storage Unit High-capacity Matter Pod (200) Structural Scanner Improved Terrain Scanner Seismic Detector ECM Suite Propulsion Shielding Hacking Suite EM Pulse Gun EM Pulse Gun Battle Rifle Peak State ------------ > --- POWER ------------ Light Nuclear Core > --- PROPULSION ------- Aluminum Leg Aluminum Leg > --- UTILITY ---------- Medium Storage Unit Structural Scanner > --- WEAPON ----------- EM Pulse Gun Maul > --- INVENTORY -------- Aluminum Leg Aluminum Leg Large Storage Unit High-capacity Matter Pod Improved Terrain Scanner Seismic Detector Propulsion Shielding Hacking Suite Shotgun [Rating: 11] Favorites ----------- Power Ion Engine Engine Ion Engine Power Core Light Nuclear Core Propulsion Aluminum Leg Leg Aluminum Leg Utility Large Storage Unit Device Sensor Array Storage Large Storage Unit Protection Propulsion Shielding Weapon Maul Energy Gun EM Pulse Gun Ballistic Gun Shotgun Launcher Rocket Launcher Impact Weapon Maul Build | -11 -10 -10 -10 ------- Run | Yrd Mat Min Sub Slots Evolved . | . . . . Power . | . . . . Propulsion . | . . . . Utility . | . . . . Weapon . | . . . . Parts Attached 22 | 7 13 . 2 Power 3 | 1 2 . . Engine 2 | 1 1 . . Core 1 | . 1 . . Reactor . | . . . . Propulsion 4 | 2 2 . . Treads . | . . . . Leg 4 | 2 2 . . Wheel . | . . . . Hover . | . . . . Flight . | . . . . Utility 8 | 1 7 . . Device 4 | . 4 . . Storage 3 | 1 2 . . Processor . | . . . . Hackware . | . . . . Protection 1 | . 1 . . Artifact . | . . . . Weapon 7 | 3 2 . 2 Energy Gun 3 | 3 . . . Energy Cannon . | . . . . Ballistic Gun 2 | . 1 . 1 Ballistic Cannon . | . . . . Launcher 1 | . . . 1 Special Weapon . | . . . . Impact Weapon 1 | . 1 . . Slashing Weapon . | . . . . Piercing Weapon . | . . . . Special Melee Weapon . | . . . . Unidentified Prototypes . | . . . . Parts Lost 6 | . 4 . 2 Power 2 | . 1 . 1 Propulsion 1 | . 1 . . Utility . | . . . . Weapon 3 | . 2 . 1 Highest Loss Streak 3 | . 3 . 2 To Critical Strikes 1 | . 1 . . Average Backups 9 | 3 9 11 12 Power . | . . 1 1 Propulsion . | 1 1 . . Utility 6 | . 5 7 8 Weapon 2 | 1 1 2 3 Tool/Special . | . . . . Unused Backups 11 | . 5 . 6 Power 2 | . 2 . . Propulsion 2 | . 2 . . Utility 4 | . . . 4 Weapon 3 | . 1 . 2 Tool/Special . | . . . . Average Slot Usage (%) 96 | . 98 91 97 Engine 12 | . 11 14 14 Core 1 | . 2 . . Leg 28 | . 28 28 28 Device 10 | . 8 14 14 Storage 14 | . 14 14 14 Protection 2 | . 4 . . Energy Gun 7 | . 12 . . Ballistic Gun 7 | . 7 5 10 Impact Weapon 10 | . 8 14 14 Peak Build Rating 11 | 6 11 10 10 Average Rating 9 | 5 9 8 9 On Entrance 6 | . 6 10 8 Avg Prop Armor Cover (%) . | . . . . Naked Turns . | . . . . Heaviest Build 33 | 14 32 32 33 Greatest Support 20 | 20 20 20 20 Greatest Overweight (x) 1 | . 1 1 1 Average Overweight (x) . | . . 1 1 Largest Inventory Capacity 15 | 8 15 15 15 Average Capacity 12 | 7 10 15 15 Most Carried 13 | 7 10 12 13 Average Carried 9 | 4 9 11 12 Final Capacity 15 | 8 15 15 15 Final Carried 12 | 7 10 12 12 Class Distribution -------------------- 100% | Mutant Dominant Class ---------------- Mutant | -10/Materials Mutant | -10/Mines Mutant | -10/Subcaves Resources | -11 -10 -10 -10 ----------- Run | Yrd Mat Min Sub Matter Collected 688 | 270 418 . . Remotely . | . . . . Salvage Created 851 | 94 714 41 2 Parts 43 | 8 34 1 . Haulers Intercepted 2 | . 2 . . Recyclers Shooed 1 | 1 . . . Parts Field Recycled . | . . . . Retrieved Matter . | . . . . Parts Self-Destructed . | . . . . Prevented . | . . . . Parts Restored . | . . . . Kills | -11 -10 -10 -10 ------- Run | Yrd Mat Min Sub Combat Hostiles Destroyed 15 | . 14 . 1 Melee 2 | . 1 . 1 Guns 9 | . 9 . . Classes Destroyed 9 | 2 6 . 1 Builder 1 | . 1 . . Tunneler 4 | 1 1 2 . Hauler 2 | . 2 . . Recycler 2 | 1 1 . . Operator 1 | . 1 . . Watcher 2 | . 2 . . Swarmer 5 | . 5 . . Grunt 9 | . 9 . . Subdweller 1 | . . . 1 Best Kill Streak 4 | 1 4 1 1 Combat Bots Only 3 | . 3 . 1 Max Kills in Single Turn 2 | 1 2 1 1 Gunslinging . | . . . . Exploded . | . . . . Melee 1 | . 1 . 1 Uniques/NPCs Destroyed . | . . . . Combat | -11 -10 -10 -10 -------- Run | Yrd Mat Min Sub Hostile Shots Fired 94 | . 80 . 14 Missed 21 | . 18 . 3 Hits 73 | . 62 . 11 Projectile 73 | . 62 . 11 Critical Strikes 1 | . 1 . . Damage Taken 951 | . 630 . 321 Core 259 | . 129 . 130 Absorbed by Shields . | . . . . Redirected to Shielding 8 | . 8 . . Core Remaining (%) 100 | 100 . . . Volleys Fired 59 | 12 39 . 8 Largest 2 | 2 2 . 1 Hottest 80 | 80 80 . 33 Shots Fired 84 | 16 60 . 8 Gun 76 | 16 60 . . Cannon . | . . . . Launcher 8 | . . . 8 Special . | . . . . Kinetic 12 | . 12 . . Thermal 14 | 8 6 . . Explosive 8 | . . . 8 Electromagnetic 50 | 8 42 . . Robot Hit Streak 13 | 2 13 . 3 Robot Miss Streak 4 | 4 4 . 4 Penetration Max . | . . . . Secondary Targets . | . . . . Shots Hit Robots 66 | 5 54 3 4 Core Hits 30 | 3 24 1 2 Critical Kills . | . . . . Critical Parts Destroyed 4 | . 3 1 . Critical Strikes 7 | . 6 1 . Burn 2 | . 2 . . Corrupt 1 | . 1 . . Smash 4 | . 3 1 . Melee Attacks 32 | . 23 3 6 Impact 32 | . 23 3 6 Slashing . | . . . . Piercing . | . . . . Sneak Attacks 5 | . 2 3 . Combat Hostiles . | . . . . Follow-up Attacks . | . . . . Damage Inflicted 1814 | 62 1281 238 233 Guns 615 | 62 553 . . Cannons . | . . . . Explosions 197 | . . . 197 Melee 1002 | . 728 238 36 Ramming . | . . . . Kinetic 169 | . 169 . . Thermal 126 | 50 76 . . Explosive 197 | . . . 197 Electromagnetic 320 | 12 308 . . Impact 1002 | . 728 238 36 Slashing . | . . . . Piercing . | . . . . Highest Corruption . | . . . . Average Corruption . | . . . . Corruption Purged . | . . . . Corruption Blocked . | . . . . Overload Shots . | . . . . Overflow Damage 339 | . 227 112 . Projectiles . | . . . . Explosions . | . . . . Melee 339 | . 227 112 . Knockbacks 4 | . 3 1 . Impact 4 | . 3 1 . Kinetic . | . . . . Secondary . | . . . . Self-Inflicted Damage 58 | . . . 58 Shots 2 | . . . 2 Rammed . | . . . . Targets Rammed . | . . . . Kicked . | . . . . Crushed . | . . . . Highest Temperature 90 | 54 90 . . Average Temperature 33 | 21 37 . . Received Heat Transfer 306 | . 240 . 66 Siege Activations . | . . . . Martial Activations . | . . . . Shielding Activations . | . . . . Robots Disrupted . | . . . . Combat Hostiles . | . . . . Robots Corrupted 5 | . 5 . . Combat Hostiles 4 | . 4 . . Parts Fried 8 | . 6 2 . Impact Corruptions 12 | . 9 3 . Robots Melted 1 | . 1 . . Combat Hostiles . | . . . . Parts Melted 2 | . 2 . . Heat Transferred 518 | 148 370 . . Parts Sabotaged . | . . . . Parts Stolen . | . . . . Parts Stripped . | . . . . Power Chain Reactions . | . . . . Alert | -11 -10 -10 -10 ------- Run | Yrd Mat Min Sub Maximum Alert Level 1 | . 1 . . Low Security (%) 92 | 100 89 100 . Level 1 7 | . 10 . . Level 2 . | . . . . Level 3 . | . . . . Level 4 . | . . . . Level 5 . | . . . . High Security . | . . . . Max Security . | . . . . Peak Influence 233 | 5 233 61 . Initial 61 | . . 61 . Average 78 | . 114 9 . Influence Increases 638 | 10 618 10 . Destroy 0b10 Robot/C 280 | . 280 . . Destroy 0b10 Robot/NC 60 | 10 40 10 . Destroy Leader 68 | . 68 . . Successful Hack 4 | . 4 . . Disable Machine 30 | . 30 . . Destroy Structure 1 | . 1 . . Partial Spotted 30 | . 30 . . Lose Combat Pursuer 165 | . 165 . . Influence Decreases 638 | 10 461 167 . Entered New Map 96 | . . 96 . Time Decay 510 | 10 429 71 . Lost Part 32 | . 32 . . Squads Dispatched 4 | . 4 . . Investigation 3 | . 3 . . Extermination . | . . . . Reinforcement 1 | . 1 . . Assault . | . . . . Garrison . | . . . . Intercept . | . . . . Searches Triggered . | . . . . Construction Impeded . | . . . . Haulers Reinforced . | . . . . Active Scanning Responses . | . . . . Cargo Convoy Interrupts . | . . . . Stealth | -11 -10 -10 -10 --------- Run | Yrd Mat Min Sub Distress Signals . | . . . . Communications Jammed . | . . . . Distress Signals . | . . . . Times Spotted 33 | . 31 . 2 Peak Tracking Total 5 | . 5 . 2 Tactical Retreats 6 | . 6 . . Traps | -11 -10 -10 -10 ------- Run | Yrd Mat Min Sub Traps Triggered 3 | . 2 . 1 Indirectly . | . . . . Trap Hack Attempts . | . . . . Triggered . | . . . . Disarmed . | . . . . Reprogrammed . | . . . . Reused . | . . . . Traps Extracted . | . . . . Installed . | . . . . Triggered . | . . . . Machines | -11 -10 -10 -10 ---------- Run | Yrd Mat Min Sub Machines Disabled 2 | . 2 . . Max in Single Turn 1 | . 1 . . Machines Repaired . | . . . . Machines Dismantled . | . . . . Machines Sabotaged . | . . . . Overloaded Fab Kills . | . . . . Hacking | -11 -10 -10 -10 --------- Run | Yrd Mat Min Sub Machines Accessed 6 | . 6 . . Terminals 5 | . 5 . . Fabricators . | . . . . Repair Stations . | . . . . Recycling Units 1 | . 1 . . Scanalyzers . | . . . . Garrison Access . | . . . . Total Hacks 12 | . 12 . . Successful 7 | . 7 . . Failed 5 | . 5 . . Catastrophic . | . . . . Database Lockouts . | . . . . Manual 9 | . 9 . . Terminals 11 | . 11 . . Fabricators . | . . . . Repair Stations . | . . . . Recycling Units 1 | . 1 . . Scanalyzers . | . . . . Garrison Access . | . . . . Terminal Hacks 3 | . 3 . . Part Schematic 1 | . 1 . . Prototype ID Bank 2 | . 2 . . Fabricator Hacks . | . . . . Repair Station Hacks . | . . . . Recycling Unit Hacks 1 | . 1 . . Report Inventory 1 | . 1 . . Scanalyzer . | . . . . Garrison Access Hacks . | . . . . Unauthorized Hacks 3 | . 3 . . Terminals 3 | . 3 . . Botnet 3 | . 3 . . Fabricators . | . . . . Repair Stations . | . . . . Recycling Units . | . . . . Scanalyzers . | . . . . Garrison Access . | . . . . Data Cores Recovered . | . . . . Used . | . . . . Hacking Detections 5 | . 5 . . Full Trace Events 1 | . 1 . . Feedback Events . | . . . . Feedback Blocked . | . . . . Robot Schematics Acquired . | . . . . Robots Built . | . . . . Authchips . | . . . . Time . | . . . . Total Robot Build Rating . | . . . . Part Schematics Acquired 1 | . 1 . . Parts Built . | . . . . Authchips . | . . . . Time . | . . . . Total Part Build Rating . | . . . . Part Studies Acquired . | . . . . Parts Repaired . | . . . . Time . | . . . . Parts Recycled . | . . . . Recycled Matter . | . . . . Retrieved Matter . | . . . . Retrieved Components . | . . . . Parts Scanalyzed . | . . . . Part Schematics Acquired . | . . . . Parts Damaged . | . . . . Bothacking | -11 -10 -10 -10 ------------ Run | Yrd Mat Min Sub Used RIF Installer . | . . . . Robots Hacked . | . . . . Non-combat . | . . . . Combat . | . . . . Robot Hacks Applied . | . . . . Relay Couplers Released . | . . . . Fabnet Peak Effective % . | . . . . Robots Rewired . | . . . . Allies Hacked . | . . . . Hacks Repelled . | . . . . Allies | -11 -10 -10 -10 -------- Run | Yrd Mat Min Sub Total Allies . | . . . . Largest Group . | . . . . Highest-Rated Group . | . . . . Highest-Rated Ally . | . . . . Total Orders . | . . . . Ally Attacks . | . . . . Total Damage . | . . . . Kills . | . . . . Allies Corrupted . | . . . . Allies Melted . | . . . . Intel | -11 -10 -10 -10 ------- Run | Yrd Mat Min Sub Active Infowar (turns) 1639 | . 761 473 405 Sensors 1095 | . 277 473 345 Structural 396 | . 343 . 53 Seismic 148 | . 141 . 7 Robot Analysis Total . | . . . . Derelict Logs Recovered . | . . . . Drone Launches . | . . . . Drone Recoveries . | . . . . Exploration | -11 -10 -10 -10 ------------- Run | Yrd Mat Min Sub Turns Passed 2268 | 145 1245 473 405 Spaces Moved 1124 | 90 640 241 153 Core 17 | 17 . . . Treads . | . . . . Legs 1107 | 73 640 241 153 Wheels . | . . . . Hover . | . . . . Flight . | . . . . Fastest Speed 50 | 50 120 190 190 Average Speed 160 | 106 150 190 190 Slowest Speed 190 | 120 190 190 190 Overloaded Moves . | . . . . Propulsion Burnouts . | . . . . Robots Hopped . | . . . . Potential Cave-ins . | . . . . Cave-ins Triggered . | . . . . Exploration Rate (%) 41 | 6 96 51 13 Regions Visited 3 Branch Regions 2 Pre-discovered Areas . | . . . . Known Exits Taken . | . . . . Unknown Exits Taken 3 | 1 1 1 . Scrap Searched 1 | . . 1 . Spaces Dug 1 | . 1 . . Terrain Destroyed 38 | . 1 . 37 Melee 1 | . 1 . . Projectile . | . . . . AOE 37 | . . . 37 Terrain Rammed . | . . . . Walls Destroyed . | . . . . Machines Disabled . | . . . . Actions | -11 -10 -10 -10 --------- Run | Yrd Mat Min Sub Total 1432 | 122 814 251 245 Wait 147 | 1 69 5 72 Move 1121 | 89 639 240 153 Hop . | . . . . Pick Up 32 | 13 16 2 1 Fast Attach 1 | . 1 . . Attach 11 | 6 4 . 1 Detach . | . . . . Swap 18 | 1 13 . 4 Drop 11 | . 10 1 . Fire 59 | 12 39 . 8 Melee 32 | . 23 3 6 Ram . | . . . . Kick . | . . . . Crush . | . . . . Escape Stasis . | . . . . Rewire . | . . . . Trap . | . . . . Miscellaneous . | . . . . Route ------- -11/Scrapyard -10/Materials (discovered 5 exits: [*Mat x3] / [*Min] / [Sub]) -10/Mines (discovered 3 exits: [*Mat x2] / [*Sub]) -10/Subcaves History --------- Turn | Location | Event 5 | -11/Scrapyard | Discovered new exit (range 16) 146 | -11/Scrapyard | Entered Materials 173 | -10/Materials | Discovered new exit (range 15) 279 | -10/Materials | Discovered new exit (range 9) 311 | -10/Materials | Build established: Mutant 498 | -10/Materials | Discovered new exit (range 10) 613 | -10/Materials | Discovered new exit (range 7) 744 | -10/Materials | Lost 3 parts (1p2w) 1074 | -10/Materials | Core integrity fell below 50% 1191 | -10/Materials | Discovered new exit (range 9) 1391 | -10/Materials | Entered Mines 1582 | -10/Mines | Discovered new exit (range 8) 1589 | -10/Mines | Received a Rocket Launcher from a helpful Derelict 1590 | -10/Mines | Discovered new exit (range 10) 1650 | -10/Mines | Discovered new exit (range 11) 1864 | -10/Mines | Entered Subcaves 1900 | -10/Subcaves | Shifting Twisted Machinery released Battle Rifle 1974 | -10/Subcaves | Shifting Twisted Machinery released Sub. Monowheel 2023 | -10/Subcaves | A swath of the cavern ceiling suddenly collapsed 2135 | -10/Subcaves | Shifting Twisted Machinery released Flamer 2262 | -10/Subcaves | Core integrity fell below 20% 2269 | -10/Subcaves | Destroyed by UN-T26(R) with Subdweller Laser Last Messages --------------- 01726_ T-07 Excavator system corrupted by crushing effect. 01726_ Seismic Detector fried. 01726_ Lgt. Ion Engine fried. 01726_ T-07 Excavator destroyed. 01844_ U-05 Engineer builds a Wall. LOCATION=UNKNOWN AMBIENT_HEAT=-10 GOAL=ESCAPE Battle Rifle falls loose from the Twisted Machinery. 01920_ Acquired Battle Rifle. Sub. Monowheel falls loose from the Twisted Machinery. A swath of the cavern ceiling suddenly collapses. 02099_ Triggered Piercing Trap. 02099_ Spikes shoot up from the floor. 02099_ Critical hit (Impale). Flamer falls loose from the Twisted Machinery. 02264_ The unstable cave ceiling collapses. 02265_ Ion Engine destroyed. 02267_ Rocket Launcher destroyed. 02267_ UU-JUK(R) destroyed. Map ----- +----------------------------------------------------+ | ???????????????????????##"""#????????????????????? | | ??????????????????????##""""##???????????????????? | | ??????????????????????#""""""#####???????????????? | | ???????????????????????#""""""| #???????????????? | | ????????????????????????#"" ####????????????? | | ????????????????????????##### "###??????????? | | ????????????????????????????## " #??????????? | | ?????????????????????????????# """ ##??????????? | | ?????????????????????????????#" "## #??????????? | | ????????????????????????????## #? ##??????????? | | ????????????????????????????# #? #??????????? | | ????????????????????????????# ## ##??????????? | | ?????????????????? ????????## # #??????????? | | ????????????????? ????????### #???????????? | | ?????????????????? ??????????# ##??????????? | | ?????????????????? ????????## #??????????? | | ??????????????????? ????????# ##??????????? | | ??????????????# ???? ???????## #??????????? | | ???????????? ## ?### ####???# # ###?????????? | | ???????????? ## # #???# ^ ####????????? | | ???????????? R ##??# ^ ##????????? | | ???????????# ##?## ##????????? | | ???????????# ##### ##????????? | | ???????????## ##### ^ ##????????? | | ???????????## & # ## ##????????? | | ???????????# %@ ^ ##????????? | | ?????????? ^ ^ ##????????? | | ?????????? ### ###????????? | | ??????????? ## #### ####????????? | | ????????????????## ######???????????? | | ?????????????????## ### ;;"###???????????? | | ??????????????????## ?# ###"##???????????? | | ???????????????????# ### #;;#"# ##??????????? | | ???????????????????## ###### ;;#;;#""#??????????? | | ????????????????????#### ####;#;###;###??????????? | | ?????????????? ?#### ####;####"#"##?????????? | | ????????????? ## ";"#" #"###?????????? | | ????????????? ##;#####"##?????????? | | ????????????? "#"####"##?????????? | | ????????????? ## ###"#""##?????????? | | ????????????????#### """"####????????? | | ????????????????##### ""# ##????????? | | ??????# ??????? ##### #### " ###????????? | | ?????? ??????? ?### #### ###?????????? | | ????? ??????? # ### ####?????????? | | ????? ???????? # ?# ###??????????? | | ????? ???????? ## ## ##???????????? | | ?????? ???????? ## ### ###??????????? | | ??????# ????????# #### ##### "##?????????? | | ?#### #??????? ##### ##### """#?????????? | +----------------------------------------------------+ Best States ------------- Heat Dissipation 25 Energy Generation 14 Energy Capacity 250 Matter Stores 300 Matter Capacity 300 Sight Range 16 Robot Scan Range 14 Terrain Scan Density 10 Propulsion Shielding 33 Evasion (%) 55 Item Schematics ----------------- Lrg. Storage Unit | -10/Materials | Hacked Robot Schematics ------------------ None Fabricated ------------ Nothing Repaired ---------- Nothing Studied --------- None Alien Tech Used ----------------- None Achievements -------------- None Challenges ------------ None Game ------ Seed RingCryofiberInterpreter Manual? 0 Play Time 00:37:26 Cumulative 57.3 hours Start 2025.12.03 @ 21:17:46 End 2025.12.03 @ 22:38:45 Sessions 1 Manual Loads 0 Difficulty Rogue Special Mode None Game No. 26 Rogue 26 Adventurer 0 Explorer 0 Win Type - Total 0 Types 0/0/0/0/0/0/0/0/0/0 Lore% 18 Gallery% 35 Achievement% 23 Wizard Run 0 Options --------- Layout 0 ASCII 0 Keyboard 0 Movement Mouse Keybinds 1 Fullscreen 2 Font 24/Smallcaps Map View 76x50 Zoom Use 0% Tactical HUD 1 Map Filters NONE Filters NONE Steam 1 RUN: f5438dda-47d7-4838-8edd-2b212dfb1fb5